[ AOE2 MATCH · #505227133 ]
UnrankedGoths vs Saracens
Player's team · LOSS
Rival team · WIN
[ REPLAY ANALYSIS · EXTRACTED FROM THE RECORDED GAME ]
Feudal
9:30
Castle
21:36
Imperial
—
| APM avg | 52.5 |
| APM peak | 87 |
| eAPM avg | 28.8 |
| Villagers / military | 126 / 56 |
Focus
⚔️ 46.9% · 🌾 53.1%
Skirmisher ×33 · Archer ×11 · Militia ×6 · Mangonel ×6
Feudal
8:50
Castle
19:26
Imperial
—
| APM avg | 110.9 |
| APM peak | 151 |
| eAPM avg | 60.7 |
| Villagers / military | 194 / 51 |
Focus
⚔️ 70.9% · 🌾 29.1%
Cavalry Archer ×32 · Skirmisher ×7 · Mangonel ×6 · Archer ×5 · Monk ×1
Match map
Initial resources + every placement click. Lines = walls · curves = elevation contours. ◆ gold · ⬟ stone · ● berries · ✦ relic · ◌ wall gap
Your base· ✓ Closed at 21:36 · 28t walls · 1 gate(s)
ccbaby's base· Open — 5t gap
Smoothed initial terrain · ◌ = detected wall gap · hover for details
Inputs per minute
— FJL - - ccbaby
Build order — FJL
First 150 of 300 actions detected
| 0:01 | Queue | Villager (Male) |
| 0:01 | Queue | Villager (Male) |
| 0:01 | Queue | Villager (Male) |
| 0:02 | Build | House |
| 0:03 | Build | House |
| 0:10 | Queue | Villager (Male) |
| 1:31 | Queue | Villager (Male) |
| 1:32 | Queue | Villager (Male) |
| 1:49 | Build | Lumber Camp |
| 1:59 | Queue | Villager (Male) |
| 2:20 | Queue | Villager (Male) |
| 2:44 | Queue | Villager (Male) |
| 3:08 | Queue | Villager (Male) |
| 3:08 | Queue | Villager (Male) |
| 3:36 | Queue | Villager (Male) |
| 3:53 | Build | House |
| 3:54 | Build | House |
| 4:04 | Queue | Villager (Male) |
| 4:18 | Queue | Villager (Male) |
| 5:00 | Queue | Villager (Male) |
| 5:04 | Queue | Villager (Male) |
| 5:04 | Queue | Villager (Male) |
| 5:06 | Build | Barracks |
| 5:13 | Build | Palisade Wall |
| 5:15 | Build | Palisade Wall |
| 5:38 | Queue | Villager (Male) |
| 6:14 | Research | Loom |
| 6:46 | Queue | Villager (Male) |
| 7:20 | Research | Feudal Age |
| 7:38 | Build | Mining Camp |
| 7:51 | Queue | Militia |
| 7:51 | Queue | Militia |
| 8:10 | Queue | Militia |
| 8:10 | Queue | Militia |
| 8:23 | Build | House |
| 8:50 | Queue | Villager (Male) |
| 8:58 | Build | Mill |
| 9:02 | Queue | Villager (Male) |
| 9:30 | Age | Feudal Age |
| 9:30 | Research | Man-at-Arms (upgrade) |
| 9:31 | Research | Man-at-Arms (upgrade) |
| 9:35 | Queue | Villager (Male) |
| 9:48 | Build | Archery Range |
| 9:53 | Research | Double-Bit Axe |
| 10:10 | Build | House |
| 10:21 | Queue | Villager (Male) |
| 10:36 | Queue | Villager (Male) |
| 10:46 | Build | House |
| 10:49 | Queue | Archer |
| 10:56 | Queue | Villager (Male) |
| 10:56 | Queue | Villager (Male) |
| 10:56 | Queue | Villager (Male) |
| 11:18 | Build | House |
| 11:19 | Queue | Archer |
| 11:25 | Queue | Villager (Male) |
| 11:25 | Queue | Villager (Male) |
| 11:33 | Build | Farm |
| 11:36 | Queue | Villager (Male) |
| 11:38 | Build | Farm |
| 11:41 | Build | Farm |
| 11:44 | Queue | Archer |
| 11:48 | Build | Farm |
| 11:51 | Build | House |
| 12:02 | Queue | Archer |
| 12:05 | Queue | Villager (Male) |
| 12:17 | Build | House |
| 12:21 | Queue | Villager (Male) |
| 12:22 | Queue | Archer |
| 12:27 | Build | Blacksmith |
| 12:32 | Queue | Villager (Male) |
| 12:33 | Build | Farm |
| 12:41 | Build | Palisade Wall |
| 12:54 | Queue | Villager (Male) |
| 13:09 | Queue | Villager (Male) |
| 13:14 | Build | Farm |
| 13:22 | Queue | Villager (Male) |
| 13:41 | Queue | Archer |
| 13:42 | Queue | Villager (Male) |
| 13:44 | Build | Farm |
| 13:46 | Build | Farm |
| 13:47 | Build | Farm |
| 13:49 | Queue | Villager (Male) |
| 13:51 | Build | Farm |
| 13:53 | Research | Fletching |
| 13:59 | Queue | Villager (Male) |
| 14:01 | Build | House |
| 14:08 | Build | Farm |
| 14:10 | Queue | Archer |
| 14:15 | Build | Palisade Wall |
| 14:17 | Queue | Villager (Male) |
| 14:19 | Build | Farm |
| 14:21 | Queue | Archer |
| 14:35 | Build | House |
| 14:45 | Build | Palisade Wall |
| 14:59 | Build | Lumber Camp |
| 14:59 | Queue | Villager (Male) |
| 15:01 | Queue | Villager (Male) |
| 15:11 | Queue | Villager (Male) |
| 15:20 | Queue | Archer |
| 15:21 | Queue | Villager (Male) |
| 15:28 | Queue | Archer |
| 15:30 | Build | House |
| 15:42 | Queue | Skirmisher |
| 15:45 | Queue | Villager (Male) |
| 15:47 | Build | House |
| 15:49 | Queue | Villager (Male) |
| 15:52 | Build | Farm |
| 15:55 | Queue | Villager (Male) |
| 15:58 | Build | Palisade Wall |
| 16:14 | Queue | Villager (Male) |
| 16:19 | Queue | Archer |
| 16:27 | Queue | Skirmisher |
| 16:29 | Build | Farm |
| 16:35 | Build | House |
| 16:38 | Queue | Villager (Male) |
| 16:41 | Build | House |
| 16:43 | Build | House |
| 16:48 | Build | Farm |
| 16:55 | Research | Padded Archer Armor |
| 16:59 | Build | House |
| 17:02 | Queue | Villager (Male) |
| 17:13 | Build | Farm |
| 17:20 | Queue | Villager (Male) |
| 17:29 | Build | Farm |
| 17:36 | Build | Farm |
| 17:45 | Build | Palisade Gate |
| 17:54 | Queue | Villager (Male) |
| 18:21 | Build | Farm |
| 18:56 | Research | Castle Age |
| 18:56 | Research | Castle Age |
| 19:05 | Build | Barracks |
| 19:06 | Build | Barracks |
| 19:30 | Queue | Villager (Male) |
| 19:40 | Research | Scale Mail Armor |
| 19:46 | Queue | Militia |
| 19:50 | Build | Farm |
| 19:52 | Queue | Militia |
| 20:04 | Research | Gold Mining |
| 20:14 | Queue | Skirmisher |
| 20:18 | Build | Archery Range |
| 20:26 | Queue | Skirmisher |
| 20:36 | Queue | Skirmisher |
| 20:40 | Queue | Villager (Male) |
| 20:41 | Build | Market |
| 20:57 | Build | House |
| 21:01 | Build | House |
| 21:06 | Build | Palisade Wall |
| 21:09 | Queue | Skirmisher |
| 21:10 | Queue | Skirmisher |
| 21:24 | Queue | Villager (Male) |
Build order — ccbaby
First 150 of 381 actions detected
| 0:00 | Queue | Villager (Male) |
| 0:00 | Queue | Villager (Male) |
| 0:01 | Queue | Villager (Male) |
| 0:02 | Build | House |
| 0:02 | Build | House |
| 0:05 | Queue | Villager (Male) |
| 1:30 | Queue | Villager (Male) |
| 1:44 | Build | Lumber Camp |
| 1:59 | Queue | Villager (Male) |
| 2:23 | Queue | Villager (Male) |
| 2:23 | Queue | Villager (Male) |
| 2:42 | Queue | Villager (Male) |
| 3:13 | Queue | Villager (Male) |
| 3:15 | Queue | Villager (Male) |
| 3:48 | Queue | Villager (Male) |
| 3:52 | Build | House |
| 4:01 | Queue | Villager (Male) |
| 4:19 | Queue | Villager (Male) |
| 4:29 | Queue | Villager (Male) |
| 4:45 | Queue | Villager (Male) |
| 4:59 | Queue | Villager (Male) |
| 5:06 | Build | Mill |
| 5:34 | Queue | Villager (Male) |
| 5:55 | Research | Loom |
| 5:56 | Research | Loom |
| 6:28 | Build | House |
| 6:35 | Research | Feudal Age |
| 7:02 | Build | House |
| 7:09 | Queue | Villager (Male) |
| 7:31 | Queue | Villager (Male) |
| 7:34 | Build | Barracks |
| 7:43 | Queue | Villager (Male) |
| 8:20 | Queue | Villager (Male) |
| 8:45 | Queue | Villager (Male) |
| 8:49 | Queue | Villager (Male) |
| 8:50 | Age | Feudal Age |
| 8:53 | Build | Archery Range |
| 8:54 | Queue | Villager (Male) |
| 9:01 | Build | House |
| 9:03 | Queue | Villager (Male) |
| 9:06 | Queue | Villager (Male) |
| 9:14 | Queue | Villager (Male) |
| 9:16 | Queue | Villager (Male) |
| 9:23 | Build | Market |
| 9:26 | Queue | Villager (Male) |
| 9:28 | Build | House |
| 9:29 | Queue | Villager (Male) |
| 9:39 | Queue | Archer |
| 9:42 | Queue | Villager (Male) |
| 9:52 | Queue | Villager (Male) |
| 9:55 | Research | Double-Bit Axe |
| 9:56 | Queue | Villager (Male) |
| 10:03 | Queue | Villager (Male) |
| 10:16 | Build | Palisade Wall |
| 10:19 | Build | Palisade Wall |
| 10:29 | Queue | Villager (Male) |
| 10:39 | Queue | Archer |
| 10:42 | Queue | Villager (Male) |
| 10:46 | Queue | Villager (Male) |
| 10:47 | Build | Farm |
| 10:47 | Build | Farm |
| 10:47 | Queue | Villager (Male) |
| 10:56 | Queue | Villager (Male) |
| 10:58 | Build | Palisade Wall |
| 10:59 | Build | Palisade Wall |
| 11:00 | Queue | Villager (Male) |
| 11:05 | Queue | Villager (Male) |
| 11:06 | Build | Farm |
| 11:08 | Queue | Archer |
| 11:20 | Queue | Villager (Male) |
| 11:21 | Queue | Villager (Male) |
| 11:39 | Build | Farm |
| 11:40 | Build | Farm |
| 11:44 | Queue | Villager (Male) |
| 11:51 | Queue | Archer |
| 11:55 | Queue | Villager (Male) |
| 11:55 | Queue | Villager (Male) |
| 11:57 | Build | Blacksmith |
| 11:58 | Queue | Villager (Male) |
| 12:02 | Queue | Villager (Male) |
| 12:02 | Queue | Villager (Male) |
| 12:15 | Queue | Villager (Male) |
| 12:17 | Queue | Villager (Male) |
| 12:19 | Build | House |
| 12:20 | Build | House |
| 12:28 | Queue | Villager (Male) |
| 12:30 | Build | Farm |
| 12:35 | Queue | Villager (Male) |
| 12:42 | Queue | Villager (Male) |
| 12:42 | Queue | Villager (Male) |
| 12:43 | Research | Fletching |
| 12:44 | Research | Fletching |
| 12:47 | Build | House |
| 12:49 | Queue | Villager (Male) |
| 12:50 | Queue | Archer |
| 12:51 | Build | Farm |
| 12:57 | Build | Farm |
| 13:18 | Queue | Villager (Male) |
| 13:20 | Build | Farm |
| 13:26 | Queue | Villager (Male) |
| 13:27 | Queue | Villager (Male) |
| 13:29 | Build | Farm |
| 13:29 | Queue | Villager (Male) |
| 13:35 | Queue | Villager (Male) |
| 13:45 | Build | Mining Camp |
| 13:47 | Build | House |
| 13:51 | Queue | Villager (Male) |
| 13:54 | Queue | Villager (Male) |
| 14:03 | Research | Town Watch |
| 14:03 | Research | Town Watch |
| 14:09 | Research | Wheelbarrow |
| 14:09 | Research | Wheelbarrow |
| 14:13 | Queue | Villager (Male) |
| 14:19 | Queue | Villager (Male) |
| 14:23 | Queue | Villager (Male) |
| 14:25 | Build | Farm |
| 14:33 | Queue | Villager (Male) |
| 14:44 | Queue | Villager (Male) |
| 15:11 | Queue | Skirmisher |
| 15:13 | Queue | Villager (Male) |
| 15:26 | Queue | Villager (Male) |
| 15:33 | Queue | Skirmisher |
| 15:34 | Queue | Villager (Male) |
| 15:34 | Queue | Villager (Male) |
| 15:40 | Queue | Villager (Male) |
| 15:41 | Build | Farm |
| 15:42 | Build | Farm |
| 15:42 | Queue | Villager (Male) |
| 15:47 | Build | Farm |
| 15:50 | Build | Farm |
| 15:51 | Queue | Skirmisher |
| 16:00 | Queue | Villager (Male) |
| 16:28 | Research | Castle Age |
| 16:28 | Research | Castle Age |
| 16:43 | Queue | Skirmisher |
| 16:44 | Queue | Villager (Male) |
| 16:58 | Research | Padded Archer Armor |
| 16:59 | Research | Padded Archer Armor |
| 17:01 | Queue | Skirmisher |
| 17:05 | Build | House |
| 17:06 | Queue | Villager (Male) |
| 17:11 | Build | Palisade Wall |
| 17:13 | Queue | Skirmisher |
| 17:29 | Queue | Villager (Male) |
| 17:46 | Build | Archery Range |
| 17:51 | Queue | Villager (Male) |
| 17:56 | Queue | Villager (Male) |
| 17:59 | Queue | Villager (Male) |
| 18:06 | Queue | Villager (Male) |
| 18:08 | Queue | Villager (Male) |
Match timeline
| 5:06 | FJL · first_building Barracks |
| 5:13 | FJL · wall_segment Palisade Wall x1 |
| 5:15 | FJL · wall_segment Palisade Wall x1 |
| 7:34 | ccbaby · first_building Barracks |
| 8:50 | ccbaby · age_up feudal |
| 8:53 | ccbaby · first_building Archery Range |
| 9:30 | FJL · age_up feudal |
| 9:48 | FJL · first_building Archery Range |
| 10:16 | ccbaby · wall_segment Palisade Wall x1 |
| 10:19 | ccbaby · wall_segment Palisade Wall x1 |
| 10:38 | ccbaby · first_market_sell 100 stone |
| 10:58 | ccbaby · wall_segment Palisade Wall x6 |
| 10:59 | ccbaby · wall_segment Palisade Wall x1 |
| 12:41 | FJL · wall_segment Palisade Wall x7 |
| 14:15 | FJL · wall_segment Palisade Wall x5 |
| 14:45 | FJL · wall_segment Palisade Wall x1 |
| 15:58 | FJL · wall_segment Palisade Wall x12 |
| 16:26 | ccbaby · first_market_buy 100 food |
| 17:11 | ccbaby · wall_segment Palisade Wall x13 |
| 19:26 | ccbaby · age_up castle |
| 21:06 | FJL · wall_segment Palisade Wall x1 |
| 21:36 | FJL · age_up castle |
| 21:50 | FJL · first_market_buy 100 food |
| 23:43 | ccbaby · wall_segment Palisade Wall x1 |
| 24:11 | FJL · first_market_sell 100 wood |
| 24:59 | ccbaby · first_building Siege Workshop |
| 25:27 | ccbaby · first_building Stable |
| 26:19 | FJL · first_building Siege Workshop |
| 28:19 | ccbaby · first_building Monastery |
| 32:18 | FJL · first_building Castle |
| 32:57 | ccbaby · first_building Castle |
| 33:47 | FJL · resign |
[ AI ANALYSIS · 1 CREDIT ]
What really happened in this match?
Wolo.gg analyzes every decision: build order, eco, micro, common mistakes by bracket. Personalized analysis on WhatsApp or Discord in 30 seconds.
Civ guide
Goths
Perfil
Jugador #5150947